Unix NetHack Version 5.0.0-0 post-release - last build Jun 10 2026 00:39:30 (3ee93aec679c4c4259841fe613dc97188e26a321,branch:main).

Game began 2026-07-08 21:58:14, ended 2026-07-08 22:17:05.

Eisengrim, chaotic male elven Wizard

                                                 --.
                                                |)..%
                                              ---..[.
                                           ----..G..-
                                           .%....)..
                                           --..)...
                                            --@..
                                             ---

Eisengrim the Conjurer    St:10 Dx:15 Co:15 In:20 Wi:8 Ch:9  Chaotic
Dlvl:6  $:80 HP:0(33) Pw:28(55) AC:8  Xp:5 T:2068  Burdened

Latest messages:
 A trap door opens up under you!
 The gnome wields a crossbow!
 The gnome wields a bow!
 The dwarf throws a dagger!
 You are hit by a dagger.
 In what direction?
 The spell hits the dwarf!
 You kill the dwarf!
 The gnome shoots 2 crossbow bolts!
 You are hit by the 1st crossbow bolt.
 You are hit by the 2nd crossbow bolt.
 In what direction?
 The spell hits the gnome!
 You kill the gnome!
 The gnome wields a thonged club!
 The gnome secures the tether on the thonged club.
 The gnome swings his thonged club.
 The gnome hits!
 You kill the gnome!
 In what direction?
 The spell misses the gnome.
 The gnome wields a thonged club!
 The gnome secures the tether on the thonged club.
 The carafe crashes on your head and breaks into shards.
 The potion called confusion evaporates.
 You feel somewhat dizzy.
 You feel less confused now.
 In what direction?
 The spell hits the gnome lord!
 You kill the gnome lord!
 The gnome puts on a dwarvish cloak.
 The gnome puts on a pair of hard shoes.
 You kill the gnome!
 You see here a gnome corpse.
 The gnome throws a thonged club!
 You are hit by a thonged club!
 The thonged club returns to the gnome's hand!
 In what direction?
 The spell hits the gnome!
 You kill the gnome!
 The gnome shoots 2 crossbow bolts!
 You are hit by the 1st crossbow bolt.
 Wizard, your life force is running out.
 You are hit by the 2nd crossbow bolt!
 You die...
 Do you want your possessions identified? [ynq] (y)
 Do you want to see your attributes? [ynq] (y)
 Do you want an account of creatures vanquished? [ynaq] (y)
 Do you want to see your conduct and achievements? [ynq] (y)
 Do you want to see the dungeon overview? [ynq] (y)

Inventory:
 Coins    ('$')
  $ - 80 gold pieces
 Weapons  (')')
  a - a blessed +1 quarterstaff (weapon in hands)
 Armor    ('[')
  H - a cursed -1 helm of opposite alignment
  J - an uncursed +0 pair of water walking boots (being worn)
  b - an uncursed +0 cloak of magic resistance (being worn)
  Y - a blessed +1 dwarvish cloak
  I - an uncursed +0 Hawaiian shirt with a hula dancer motif
 Comestibles  ('%')
  w - 4 uncursed food rations
 Scrolls  ('?')
  j - 2 uncursed scrolls of confuse monster
  s - an uncursed scroll of create monster
  k - an uncursed scroll of enchant armor
  R - a cursed scroll of fire
  i - 2 uncursed scrolls of light
  L - an uncursed scroll of scare monster
  S - an uncursed scroll of teleportation
 Spellbooks  ('+')
  T - an uncursed spellbook of chain lightning
  l - a blessed spellbook of force bolt
  m - an uncursed spellbook of haste self
 Potions  ('!')
  U - an uncursed potion of gain energy
  g - a blessed potion of gain level
  N - 2 blessed potions of healing
  h - an uncursed potion of healing
  M - 2 cursed potions of healing
  y - a blessed potion of object detection
  f - an uncursed potion of restore ability
  X - an uncursed potion of water
 Rings    ('=')
  e - an uncursed ring of see invisible
  d - an uncursed ring of shock resistance
 Wands    ('/')
  c - a wand of light (0:12)
  F - a wand of light (0:11)
  v - a wand of lightning (0:8)
  p - a wand of lightning (0:4)
  r - a wand of striking (0:6)
 Tools    ('(')
  o - an uncursed wooden harp
  n - a magic marker (0:20)
  u - an uncursed skeleton key
  Q - 4 uncursed wax candles
 Gems/Stones  ('*')
  B - 2 uncursed fluorite stones
  W - 2 uncursed worthless pieces of green glass
  K - an uncursed worthless piece of violet glass
  V - an uncursed worthless piece of white glass
  P - an uncursed worthless piece of yellowish brown glass
  C - an uncursed luckstone

Eisengrim the Wizard's attributes:

Background:
 You were a Conjurer, a level 5 male elven Wizard.
 You were chaotic, nominally on a mission for Anhur
 who was opposed by Ptah (lawful) and Thoth (neutral).
 You were right-handed.
 You were in the Gnomish Mines, on level 6.
 You entered the dungeon 2068 turns ago.
 It was nighttime.
 You had 288 experience points, 32 more were needed to attain level 6.

Basics:
 You had 0 out of 33 hit points.
 You had 28 out of 55 energy points (spell power).
 Your armor class was 8.
 Your wallet contained 80 zorkmids.
 Autopickup was off.

Final Characteristics:
 Your strength was 10 (limit:18).
 Your dexterity was 15 (limit:18).
 Your constitution was 15 (limit:16).
 Your intelligence was 20 (limit:20).
 Your wisdom was 8 (limit:20).
 Your charisma was 9 (limit:18).

Final Status:
 You weren't hungry.
 You were burdened; movement was slightly slowed.
 You were wielding a quarterstaff.
 You had basic skill with quarterstaff.

Final Attributes:
 You were piously aligned.
 You were magic-protected.
 You were sleep resistant.
 You were telepathic.
 You had infravision.
 You could walk on water.
 You were warded.
 You were lucky.
 You had extra luck.
 Bad luck did not time out for you.
 Good luck did not time out for you.
 You are dead.

Miscellaneous:
 You didn't encounter any bones levels.
 Total elapsed playing time was 18 minutes and 48 seconds.

Major events:
 Turn
    1: Eisengrim the chaotic male elven Wizard entered the dungeon
  648: attained the rank of Conjurer (level 3)
  874: entered the Gnomish Mines
 2068: killed by a crossbow bolt

Spells:
 Name                 Level Category     Fail Retention
 force bolt             1   attack         0%   81%-90%
 haste self             3   escape        63%  76%-100%
 chain lightning        2   attack         0%  91%-100%

Skills:
 Fighting Skills
   bare handed combat [Unskilled]
   riding             [Unskilled]
 Weapon Skills
   dagger             [Unskilled]
   knife              [Unskilled]
   axe                [Unskilled]
   short sword        [Unskilled]
   club               [Unskilled]
   mace               [Unskilled]
   quarterstaff       [Basic]
   polearms           [Unskilled]
   spear              [Unskilled]
   trident            [Unskilled]
   sling              [Unskilled]
   dart               [Unskilled]
   shuriken           [Unskilled]
 Spellcasting Skills
   attack spells      [Basic]
   healing spells     [Unskilled]
   divination spells  [Unskilled]
   enchantment spells [Basic]
   clerical spells    [Unskilled]
   escape spells      [Unskilled]
   matter spells      [Unskilled]

Voluntary challenges:
 Character rerolling was not enabled.
 You were an atheist.
 You never genocided any monsters.
 You never polymorphed an object.
 You never changed form.
 You used no wishes.
Achievements:
 You entered a shop.
 You attained the rank of Conjurer.
 You entered the Gnomish Mines.

 The Dungeons of Doom: levels 1 to 3
    Level 1:
       A fountain.
    Level 2:
       A fountain.
    Level 3:
       An armor shop.
       Stairs down to The Gnomish Mines.
 The Gnomish Mines: levels 4 to 6
    Level 4:
    Level 5:
    Level 6: <- You were here.
       Final resting place for
          you, killed by a crossbow bolt.


Vanquished creatures:
  a shrieker
  4 gnome leaders
  a gray ooze
  2 floating eyes
  7 dwarves
  a homunculus
 an iguana
  a gas spore
  a hobbit
  a large kobold
  2 giant rats
 15 gnomes
  4 garter snakes
  a fox
  a kobold
  2 sewer rats
  a bat
  5 lichens
  7 newts
58 creatures vanquished.

No species were genocided or became extinct.

Game over:
                       ----------
                      /          \
                     /    REST    \
                    /      IN      \
                   /     PEACE      \
                  /                  \
                  |    Eisengrim     |
                  |      80 Au       |
                  |   killed by a    |
                  |  crossbow bolt   |
                  |                  |
                  |                  |
                  |       2026       |
                 *|     *  *  *      | *
        _________)/\\_//(\/(/\)/\//\/|_)_______

Goodbye Eisengrim the Wizard...

You died in The Gnomish Mines on dungeon level 6 with 1474 points,
and 80 pieces of gold, after 2068 moves.
You were level 5 with a maximum of 33 hit points when you died.

